 Dungeon Crawl Stone Soup version 0.24-a0-484-g962a3eeff7 (webtiles) character file.

Game seed: 2909010615150391269

53 DasRunzen the Skirmisher (level 3, 0/29 HPs)
             Began as a Demonspawn Fighter on July 9, 2019.
             Slain by an adder (3 damage)
             ... on level 2 of the Dungeon.
             The game lasted 00:02:27 (1427 turns).

DasRunzen the Skirmisher (Demonspawn Fighter)       Turns: 1427, Time: 00:02:28

Health: 0/29       AC: 11    Str: 17    XL:     3   Next: 64%
Magic:  0/3        EV:  2    Int:  9    God:
Gold:   138        SH:  9    Dex: 12    Spells: 2/2 levels left

rFire    . . .     SeeInvis .   a - +1 trident
rCold    . . .     Gourm    .   c - +0 shield
rNeg     . . .     Faith    .   h - +0 plate armour
rPois    .         Spirit   +   (no helmet)
rElec    .         Reflect  .   (no cloak)
rCorr    .         Harm     .   (no gloves)
MR       .....                  (no boots)
Stlth    ..........             (no amulet)
HPRegen  0.09/turn              (no ring)
MPRegen  0.08/turn              (no ring)

@: lethally poisoned (0 -> -19)
A: magic shield
a: no special abilities


You were on level 2 of the Dungeon.
You were not hungry.

You visited 1 branch of the dungeon, and saw 3 of its levels.

You collected 138 gold pieces.

Inventory:

Hand Weapons
 a - a +1 trident (weapon)
Armour
 c - a +0 shield (worn)
 h - a +0 plate armour (worn)
Scrolls
 g - a scroll of remove curse
 j - a scroll of magic mapping
 m - a scroll of teleportation
Potions
 b - a potion of lignification
 d - a potion of might
 e - a potion of magic
 k - a potion of curing
 l - a potion of mutation {unknown}
Comestibles
 f - 4 rations


   Skills:
 + Level 3.4 Fighting
 + Level 2.3 Polearms
 + Level 3.1 Armour
 + Level 3.1 Shields


You had 2 spell levels left.
You didn't know any spells.
Your spell library was empty.

Dungeon Overview and Level Annotations

Branches:
Dungeon (3/15)

Altars:
Qazlal


Innate Abilities, Weirdness & Mutations

When hurt, damage is shared between your health and your magic reserves.


Message History

The hobgoblin completely misses you. You block the goblin's attack.
The adder bites you but does no damage. The hobgoblin hits you.
You are too injured to fight recklessly!
You are too injured to fight recklessly!
You are too injured to fight recklessly!
Your shield and plate armour prevent you from hitting the adder.
The adder is moderately wounded.
* * * LOW HITPOINT WARNING * * *
You feel very sick. The adder bites you.
* * * LOW HITPOINT WARNING * * *
You are more poisoned.
The adder poisons you! You block the goblin's attack. The hobgoblin hits you.
* * * LOW HITPOINT WARNING * * *
The adder barely misses you. The goblin barely misses you.
Your shield and plate armour prevent you from hitting the adder.
The adder is moderately wounded.
* * * LOW HITPOINT WARNING * * *
You feel sick. The adder bites you.
You die...

#..# #.............##...###. #..#
#.#.########..##.#...#. #..#
#.#..#...........###.#. #..#
#.##.#...###..#..# #)#. #..#
#.##.#...###..#..###.#. #..#
#.##.......#..#........ ####..#
#.#..........).........
#.....####.#...g....##.>......)#
##.###.........#@..####...####.##
....#######.##.#Sg.#......#####.#
##..# #......................
#..# ####.#..........#####.. #..#
#...<........## #.. #..#
##.##..........## #..
#..#########.#.#.##...#..#.###..
#........##.###..##...#.........
#..........## ##.#............#.


You could see an adder, a hobgoblin and a goblin.

Vanquished Creatures
  A gnoll (D:1)
  7 bats
  8 goblins
  5 hobgoblins
  4 jackals (D:1)
  9 kobolds
  2 frilled lizards
  3 rats
39 creatures vanquished.

Notes
Turn   | Place    | Note
-------+----------+-------------------------------------------
     0 | D:1      | DasRunzen the Demonspawn Fighter began the quest for the
                  | Orb.
     0 | D:1      | Reached XP level 1. HP: 18/18 MP: 1/1
    95 | D:1      | Gained mutation: When hurt, damage is shared between your
                  | health and your magic reserves. [demonic ancestry]
    95 | D:1      | Reached XP level 2. HP: 4/24 MP: 2/2
   343 | D:1      | Reached XP level 3. HP: 21/29 MP: 3/3
   861 | D:2      | Found a stormy altar of Qazlal.
  1427 | D:2      | Slain by an adder

Levels and vault maps discovered:
D:1:      lightli_arrival_boilingwater, layout_loops_ring
D:2:      layout_loops_ring, wad_floor_pattern_2, grunt_qazlal_sundering
D:3:      layout_rooms, overflow_temple_1_default, first_ration, minivault_25,
          uniq_sigmund

Skill      XL: |  1  2 |
---------------+-------+-----
Polearms       | 2 |  2.3
Armour         | 3 |  3.1
Shields        | 3 |  3.1
Fighting       | |  3.4

Action                   || total
-------------------------++-------
Melee: Trident           ||   168
  Use: Scroll            ||     7
  Eat: Chunk             ||     2
Armor: Plate armour      ||    87
       Scale mail        ||     3
Dodge: Dodged            ||    21
Block: Shield            ||    83

Table legend:
 A = Non-vault XP
 B = Vault XP
 C = Vault XP percentage of total XP
 D = Non-vault monster count
 E = Vault monster count
 F = Vault count percentage of total count
                 A         B        C        D         E       F
            +---------+---------+-------+---------+---------+-------
      Total |      77 |       0 |   0.0 |      39 |       0 |   0.0
            +---------+---------+-------+---------+---------+-------
        D:1 |      54 |       0 |   0.0 |      24 |       0 |   0.0
        D:2 |      23 |       0 |   0.0 |      15 |       0 |   0.0
            +---------+---------+-------+---------+---------+-------
